 Dungeon Crawl Stone Soup version 0.30-a0-591-g3c58d2bc28 (webtiles) character file.

Game seed: 11660739551033640008

139 Leeroy the Insei (level 5, -4/37 HPs)
             Began as a Merfolk Transmuter on Jan 5, 2023.
             Slain by Grinder (6 damage)
             ... on level 4 of the Dungeon.
             The game lasted 00:05:31 (2171 turns).

Leeroy the Insei (Merfolk Transmuter)               Turns: 2171, Time: 00:05:32

Health: -4/37      AC:  2    Str: 11    XL:     5   Next: 22%
Magic:  5/8        EV: 20    Int: 14    God:
Gold:   92         SH:  0    Dex: 19    Spells: 4/8 levels left

rFire   + . .      SeeInvis .      - Unarmed
rCold   + . .      Faith    .    (shield currently unavailable)
rNeg    . . .      Spirit   .    (body armour currently unavailable)
rPois   .          Reflect  .    (helmet currently unavailable)
rElec   +          Harm     .    (cloak currently unavailable)
rCorr   +          Rampage  .    (gloves currently unavailable)
Will    .....                    (boots currently unavailable)
Stlth   ++                       j - amulet of regeneration
HPRegen 1.06/turn                (no ring)
MPRegen 0.11/turn                (no ring)

@: spider-form (expiring), resistant, flying
A: venomous fangs, tiny, (nimble swimmer 2), (mertail)
a: End Transformation


You were on level 4 of the Dungeon.
You were a venomous arachnid creature.
You visited 1 branch of the dungeon, and saw 4 of its levels.

You collected 92 gold pieces.

Inventory:

Hand Weapons
 s - a +0 rapier
Missiles
 o - 8 poisoned darts (quivered)
 v - 3 silver javelins
Armour
 a - a +0 robe
 m - a +0 helmet (melded)
 r - the +1 leather armour of Freezing Beauty (melded) {rElec rN+}
   (You found it on level 3 of the Dungeon)

   rElec:     It insulates you from electricity.
   rN:        It protects you from negative energy.
 t - a +1 hat
 x - a +0 pair of gloves (melded)
Magical Staves
 k - a staff of earth
Jewellery
 j - an amulet of regeneration (around neck)
 y - the amulet "Jocwaoz" {*Slow rF++ Regen+ rCorr Int+3}
   (You found it on level 4 of the Dungeon)

   [amulet of regeneration]

   Int:       It affects your intelligence (+3).
   rF:        It greatly protects you from fire.
   Regen:     It increases your rate of health regeneration.
   rCorr:     It protects you from acid and corrosion.
   *Slow:     It may slow you when you take damage.
Scrolls
 i - 2 scrolls of fear {unknown}
 l - a scroll of vulnerability {unknown}
 n - a scroll of enchant weapon {unknown}
 p - 3 scrolls of identify {unknown}
 q - 2 scrolls of blinking {unknown}
 u - a scroll of teleportation {unknown}
 w - a scroll of enchant armour {unknown}
Potions
 b - a potion of lignification
 c - a potion of brilliance {unknown}
 d - 2 potions of curing {unknown}
 e - a potion of flight
 f - a potion of resistance
 g - 2 potions of degeneration {unknown}
 h - a potion of attraction {unknown}


   Skills:
 - Level 1.1 Fighting
 - Level 2.6 Dodging
 + Level 6.3 Unarmed Combat
 - Level 2.0 Spellcasting
 + Level 2.6 Transmutations
 - Level 0.1 Poison Magic


You had 4 spell levels left.
You knew the following spells:

 Your Spells              Type           Power      Damage    Failure   Level
a - Beastly Appendage     Tmut           16%        N/A       21%         1
b - Spider Form           Tmut/Pois      5%         N/A       58%         3

Your spell library contained the following spells:

 Spells                   Type           Power      Damage    Failure   Level
 Wereblood                Tmut           8%         N/A       28%         2
 Cigotuvi's Dreadful Rot  Necr/Pois/Air  2%         N/A       56%         2
 Ice Form                 Ice/Tmut       5%         N/A       92%         4
 Dispel Undead            Necr           1%         3d6       98%         4
 Death Channel            Necr           0%         N/A       100%        6


Dungeon Overview and Level Annotations

Branches:
Dungeon (4/15)
 Temple: D:4-7

Altars:

Annotations:
D:4 Grinder


Innate Abilities, Weirdness & Mutations

You are a venomous arachnid creature.
You have poisonous fangs.
You are tiny and dextrous.
Your spellcasting is less reliable in this form.
Your armour is entirely melded.
You are incapable of wielding weapons or throwing items.
((You are very nimble when in or above water. (Stealth+, EV+, Speed+++)))
((Your lower body shifts to a powerful aquatic tail in water.))


Message History

Grinder shouts!
The ufetubus moves out of view.
Grinder is nearby!
Casting: Spider Form (quite dangerous; 45% risk of failure)
Confirm with . or Enter, or press ? or * to list all spells.
The spell is quite dangerous to miscast (45% risk of failure)!
Continue anyway?
You turn into a venomous arachnid creature.
Your +0 helmet melds into your body.
Your +0 pair of gloves melds into your body.
The +1 leather armour of Freezing Beauty {rElec rN+} melds into your body.
An endoplasm comes into view.
A hound comes into view.
The endoplasm moves out of view.
A quokka and an orc wizard come into view.
Found a cloak.
Grinder zaps a wand.
The puff of flame hits you.
The orc wizard moves out of view.
The ufetubus shouts!
You barely miss Grinder.
The endoplasm quivers.
Grinder gestures at you.
You suddenly lose the ability to move!
The ufetubus hits you. x4; Grinder zaps a wand.
The puff of flame hits you!
Your transformation is almost over.
The ufetubus hits you. x2
* * * LOW HITPOINT WARNING * * *
Grinder hits you!
* * * LOW HITPOINT WARNING * * *
You writhe in agony.
* * * LOW HITPOINT WARNING * * *
You can move again.
Unknown command.
It was a potion of flight.
You feel very buoyant.
You fly up into the air.
The ufetubus misses you. x2
The ufetubus barely misses you. The ufetubus misses you. Grinder hits you.
* * * LOW HITPOINT WARNING * * *
It was a potion of resistance.
You feel protected.
The hound pauses to sniff the ground.
The ufetubus closely misses you. The ufetubus misses you. Grinder hits you.
You die...

##.####..............
#.# ##.............
#<# #.##..........
#.# #.#...........
#.# #.#...........
#.# ##.#...........
#.# ##..............
#.# #...##.....)....
#.. #s####..........
###.55# ########...
.....hJ .##
..###..... # #.....o
........ ..........
#.#[........


You could see Grinder, a hound, an orc wizard, an ufetubus and an endoplasm.

Vanquished Creatures
  A scorpion (D:3)
  Terence (D:3)
  An adder (D:2)
  3 worms
  A dart slug (D:3)
  2 endoplasms
  3 giant cockroaches
  3 goblins (D:2)
  2 hobgoblins
  2 kobolds
  4 ball pythons
  5 bats
  2 frilled lizards
  4 rats
34 creatures vanquished.

Notes
Turn   | Place    | Note
-------+----------+-------------------------------------------
     0 | D:1      | Leeroy the Merfolk Transmuter began the quest for the Orb.
     0 | D:1      | Reached XP level 1. HP: 15/15 MP: 3/3
   802 | D:2      | Reached XP level 2. HP: 19/21 MP: 5/5
   878 | D:2      | Reached skill level 4 in Unarmed Combat
  1331 | D:2      | Reached XP level 3. HP: 23/26 MP: 6/6
  1394 | D:2      | Learned a level 3 spell: Spider Form
  1553 | D:3      | Reached skill level 5 in Unarmed Combat
  1569 | D:3      | Noticed Terence
  1581 | D:3      | Killed Terence
  1582 | D:3      | Reached XP level 4. HP: 22/32 MP: 4/7
  1656 | D:3      | Identified the +1 leather armour of Freezing Beauty {rElec
                  | rN+}
  1680 | D:3      | Noticed a scorpion
  1690 | D:3      | Killed a scorpion
  1691 | D:3      | Reached skill level 6 in Unarmed Combat
  1691 | D:3      | Reached XP level 5. HP: 37/37 MP: 8/8
  1891 | D:3      | Found a faded altar of an unknown god.
  2155 | D:4      | Identified the amulet "Jocwaoz" {*Slow rF++ Regen+ rCorr
                  | Int+3}
  2162 | D:4      | Noticed Grinder
  2167 | D:4      | Paralysed by Grinder for 2 turns
  2169 | D:4      | HP: 1/37 [Grinder (1)]
  2171 | D:4      | Slain by Grinder

Illustrated notes

Levels and vault maps discovered:
D:1:      scummos_arrival_gate, layout_basic
D:2:      layout_basic, chequers_serial_rivers_small_3,
          minmay_misc_feat_encased, hangedman_decor_peaks_small
D:3:      layout_rooms, shapermc_ecumenical_altar_starsandcircs, uniq_terence
D:4:      cheibrodos_greedy_goblins, layout_rooms,
          mainiacjoe_overflow_tiny_flanked, minmay_temple_entry_tees,
          uniq_grinder

Skill      XL: |  1  2  3  4 |
---------------+-------------+-----
Unarmed Combat | 4 5 6 |  6.3
Fighting       | |  1.1
Dodging        | |  2.6
Spellcasting   | |  2.0
Transmutations | |  2.6
Poison Magic   | |  0.1

Action                   |  1- 3 |  4- 6 || total
-------------------------+-------+-------++-------
Melee: Unarmed           |   110 |    28 ||   138
       Punch             |     2 |       ||     2
       Headbutt          |     3 |       ||     3
 Cast: Beastly Appendage |     2 |       ||     2
       Spider Form       |     1 |     1 ||     2
  Use: Potion            |       |     3 ||     3
Armor: Robe              |    19 |     4 ||    23
       Skin              |       |     4 ||     4
       Leather armour    |       |     3 ||     3
Dodge: Dodged            |    66 |    19 ||    85

Table legend: (Time is in decaauts)
 A = Elapsed time spent in this place.
 B = Non-inter-level travel time spent in this place.
 C = Inter-level travel time spent in this place.
 D = Time resting spent in this place.
 E = Time spent auto-exploring this place.
 F = Levels seen in this place.
 G = Mean time per level.
                   A        B        C        D        E       F      G
               +--------+--------+--------+--------+--------+-----+--------+
         Total |   2151 |   1870 |    281 |    255 |   1224 |   4 |  537.8 |
       Dungeon |   2151 |   1870 |    281 |    255 |   1224 |   4 |  537.8 |
               +--------+--------+--------+--------+--------+-----+--------+

Top non-repeatable levels by time:
     D:1: 776 daAuts
     D:2: 686 daAuts
     D:3: 644 daAuts
     D:4: 44 daAuts
